 Dungeon Crawl Stone Soup version 0.18-a0-844-g9229740 (webtiles) character file.

25 M4edhros the Charlatan (level 3, -1/23 HPs)
             Began as an Octopode Artificer on Dec 18, 2015.
             Slain by an adder (3 damage)
             ... on level 2 of the Dungeon.
             The game lasted 00:00:57 (505 turns).

M4edhros the Charlatan (Octopode Artificer)          Turns: 505, Time: 00:00:58

Health: -1/23      AC:  1    Str: 10    XL:     3   Next: 6%
Magic:  5/5        EV: 12    Int: 15    God:
Gold:   72         SH:  0    Dex: 12    Spells: 0 memorised, 2 levels left

rFire  . . .     SeeInvis .     a - +0 short sword
rCold  . . .     Gourm    .     (no shield)
rNeg   . . .     Faith    .     (helmet restricted)
rPois  .         Spirit   .     (no amulet)
rElec  .         Dismiss  .     (no ring)
rCorr  .         Reflect  .     (no ring)
SustAt .         Harm     .     (no ring)
MR     .....                    (no ring)
Stlth  +++.......               (no ring)
                                (no ring)
                                (no ring)
                                (no ring)

@: lethally poisoned (-1 -> -13), not resistant to hostile enchantments, fairly
stealthy
A: almost no armour, amphibious, 8 rings, constrict 8, camouflage 1, gelatinous
body 1
a: no special abilities


You were on level 2 of the Dungeon.
You were not hungry.

You visited 1 branch of the dungeon, and saw 2 of its levels.

You collected 72 gold pieces.

Inventory:

Hand Weapons
 a - a +0 short sword (weapon)
Missiles
 k - 22 stones (quivered)
Wands
 b - a wand of flame (10)
 c - a wand of enslavement (15)
 d - a wand of random effects (12)
 n - a wand of slowing (22)
Scrolls
 e - a scroll of teleportation {unknown}
 g - a scroll of remove curse {unknown}
 h - a scroll of recharging {unknown}
 j - a scroll of identify {unknown}
 o - a scroll of fear {unknown}
Potions
 i - a potion of haste {unknown}
 l - a potion of curing {unknown}
Comestibles
 f - a bread ration
 m - 2 chunks of flesh


   Skills:
 - Level 1.0 Fighting
 - Level 1.0 Short Blades
 * Level 2.6 Dodging
 * Level 2.7 Stealth
 + Level 3.6 Evocations


You had 2 spell levels left.
You didn't know any spells.

Dungeon Overview and Level Annotations

Branches:
Dungeon (2/15)

Altars:


Innate Abilities, Weirdness & Mutations

You cannot wear most types of armour.
You are amphibious.
You can wear up to eight rings at the same time.
You can use your tentacles to constrict eight enemies at once.
Your skin changes colour to match your surroundings (Stealth).
Your rubbery body absorbs attacks (AC +1).


Message History

You miss the adder. Your grab misses the adder.
The adder is heavily wounded.
You feel sick. The adder bites you.
* * * LOW HITPOINT WARNING * * *
You are more poisoned.
The adder poisons you!
* * * LOW HITPOINT WARNING * * *
You feel sick.
Evoke which item? (* to show all) (? for menu, Esc to quit)
Zapping:
b - a wand of flame (11)
Press: ? - help, Shift-Dir - straight line, f/p - adder
Aim: an adder (severely wounded)
The puff of flame misses the adder.
The puff of flame hits the adder.
The adder is severely wounded.
This wand has 10 charges left.
* * * LOW HITPOINT WARNING * * *
You feel sick. The adder bites you.
* * * LOW HITPOINT WARNING * * *
The adder bites you.
You die...

#†...........#.#######
.....##########.#.# #.##.
#...# # #. ####..# ######
.. #.†...# #....#
##########.###.# #....#
........##.###>#####....#
........##.........#....#
........##.S@#.##..#.)..#
.S......##.#S#.#...#....#
......†..g..............#
........####.###.########
........# #.# #.#
........# #.# #.#
........# #.# #.#
.!.....$# #.# #.#
).......# #.# #.#


You could see 2 adders and a goblin.

Vanquished Creatures
  An adder (D:2)
  2 worms (D:2)
  A giant gecko (D:1)
  A bat (D:2)
  2 hobgoblins
  2 giant newts
  A goblin (D:1)
  A kobold (D:1)
  A rat (D:1)
12 creatures vanquished.

Vanquished Creatures (others)
  An adder (D:2)
1 creature vanquished.

Grand Total: 13 creatures vanquished

Notes
Turn   | Place    | Note
--------------------------------------------------------------
     0 | D:1      | M4edhros the Octopode Artificer began the quest for the Orb.
     0 | D:1      | Reached XP level 1. HP: 13/13 MP: 3/3
   295 | D:2      | Reached XP level 2. HP: 18/18 MP: 4/4
   348 | D:2      | Reached XP level 3. HP: 7/23 MP: 5/5
   505 | D:2      | Slain by an adder

Vault maps used:
D:1:      minmay_arrival_nine_rooms, cheibriados_altar_1
D:2:      first_bread

Action                   || total
-------------------------++-------
Melee: Short sword       ||    24
Evoke: Wand              ||     8
 Stab: Sleeping          ||     7
       Confused          ||     1
